 Dungeon Crawl Stone Soup version 0.26-a0-30-g56b8cd3df0 (webtiles) character file.

Game seed: 2725897431414037614, levelgen mode: deterministic

28 wullow the Shield-Bearer (level 3, 33/33 HPs)
             Began as a Minotaur Fighter on June 1, 2020.
             Quit the game on level 1 of the Dungeon on June 26, 2020.
             The game lasted 00:04:00 (928 turns).

wullow the Shield-Bearer (Minotaur Fighter)          Turns: 928, Time: 00:04:00

Health: 33/33      AC:  7    Str: 20    XL:     3   Next: 0%
Magic:  2/2        EV:  7    Int:  6    God:
Gold:   119        SH:  9    Dex:  9    Spells: 2/2 levels left

rFire    . . .     SeeInvis .   a - +0 war axe
rCold    . . .     Gourm    .   c - +0 kite shield
rNeg     . . .     Faith    .   b - +0 scale mail
rPois    .         Spirit   .   (helmet restricted)
rElec    .         Reflect  .   (no cloak)
rCorr    .         Harm     .   (no gloves)
MR       .....                  (no boots)
Stlth    ..........             (no amulet)
HPRegen  0.11/turn              (no ring)
MPRegen  0.08/turn              (no ring)

@: no status effects
A: retaliatory headbutt, horns 2
a: no special abilities


You were on level 1 of the Dungeon.
You were not hungry.

You visited 1 branch of the dungeon, and saw 1 of its levels.

You collected 119 gold pieces.

Inventory:

Hand Weapons
 a - a +0 war axe (weapon)
Missiles
 i - 16 arrows
Armour
 b - a +0 scale mail (worn)
 c - a +0 kite shield (worn)
 n - a cursed +0 robe
Scrolls
 e - a scroll of enchant weapon {unknown}
 g - a scroll of teleportation {unknown}
 h - a scroll of magic mapping {unknown}
 j - a scroll of remove curse {unknown}
 k - a scroll of blinking {unknown}
 m - a scroll of fear {unknown}
 o - 2 scrolls of identify {unknown}
 p - a scroll of fog {unknown}
Potions
 d - a potion of might
Comestibles
 f - a ration


   Skills:
 + Level 3.8 Fighting
 * Level 3.2 Axes
 + Level 3.9 Armour
 * Level 4.1 Shields


You had 2 spell levels left.
You didn't know any spells.
Your spell library was empty.

Dungeon Overview and Level Annotations

Branches:
Dungeon (1/15)

Altars:


Innate Abilities, Weirdness & Mutations

You reflexively headbutt those who attack you in melee.
You have a pair of horns on your head.


Message History

The frilled lizard bites you but does no damage.
You miss the frilled lizard. You block the frilled lizard's attack.
You hit the frilled lizard.
You kill the frilled lizard!
No target in view!
No target in view!
All of the chunks of flesh in your inventory have rotted away.
A giant cockroach comes into view.
You block the giant cockroach's attack.
You closely miss the giant cockroach.
Your headbutt misses the giant cockroach.
The giant cockroach barely misses you. You furiously retaliate!
You headbutt the giant cockroach. You block the giant cockroach's attack.
You hit the giant cockroach.
You kill the giant cockroach!
You have reached level 3!
Your experience leads to an increase in your attributes!
Increase (S)trength, (I)ntelligence, or (D)exterity?
You feel clever.
Are you sure you want to abandon this character and quit the game? (Confirm with "yes".)

### #.# ..#### # #####.#.. #.
..!#.#.# #.#+###.#.#.#####.
#.........@.......
#.......#.#.######
#.......#.#.#
#.#.....#.#.###############
#........................
........#+#................
#.....###....################
#..... +....#.........#
#..... ##....#.........######


There were no monsters in sight!

Vanquished Creatures
  4 dart slugs (D:1)
  2 bats (D:1)
  3 giant cockroaches (D:1)
  2 goblins (D:1)
  2 jackals (D:1)
  2 frilled lizards (D:1)
  A kobold (D:1)
  5 rats (D:1)
21 creatures vanquished.

Notes
Turn   | Place    | Note
-------+----------+-------------------------------------------
     0 | D:1      | wullow the Minotaur Fighter began the quest for the Orb.
     0 | D:1      | Reached XP level 1. HP: 19/19 MP: 0/0
   209 | D:1      | Reached XP level 2. HP: 24/27 MP: 1/1
   466 | D:1      | Reached skill level 4 in Shields
   927 | D:1      | Reached XP level 3. HP: 33/33 MP: 2/2
   928 | D:1      | Quit the game

Illustrated notes

Levels and vault maps discovered:
D:1:      erik_arrival_cave_to_civilisation [erik_arrival_cave_to_temple],
          layout_basic

Skill      XL: |  1  2 |
---------------+-------+-----
Axes           | 3 |  3.2
Shields        | 4 |  4.1
Fighting       | |  3.8
Armour         | |  3.9

Action                   || total
-------------------------++-------
Melee: War axe           ||    51
       Headbutt          ||    13
Armor: Scale mail        ||    17
Dodge: Dodged            ||    14
Block: Kite shield       ||    29

Table legend:
 A = Non-vault XP
 B = Vault XP
 C = Vault XP percentage of total XP
 D = Non-vault monster count
 E = Vault monster count
 F = Vault count percentage of total count
                 A         B        C        D         E       F
            +---------+---------+-------+---------+---------+-------
      Total |      41 |       0 |   0.0 |      21 |       0 |   0.0
            +---------+---------+-------+---------+---------+-------
        D:1 |      41 |       0 |   0.0 |      21 |       0 |   0.0
            +---------+---------+-------+---------+---------+-------
